 Dungeon Crawl Stone Soup version 0.23.0 (webtiles) character file.

Game seed: 4002987666048818666

32 Murks the Chiller (level 3, -2/35 HPs)
             Began as an Ogre Ice Elementalist on Feb 17, 2019.
             Slain by Crazy Yiuf
             ... wielding a +2 quarterstaff of chaos
              (5 damage)
             ... on level 2 of the Dungeon.
             The game lasted 00:03:11 (742 turns).

Murks the Chiller (Ogre Ice Elementalist)            Turns: 742, Time: 00:03:12

Health: -2/35      AC:  3    Str: 13    XL:     3   Next: 27%
Magic:  5/7        EV: 10    Int: 16    God:
Gold:   54         SH:  0    Dex:  9    Spells: 6/7 levels left

rFire    . . .     SeeInvis .   f - +0 mace (protect)
rCold    . . .     Gourm    .   (no shield)
rNeg     . . .     Faith    .   a - +0 robe
rPois    .         Spirit   .   (helmet restricted)
rElec    .         Reflect  .   (no cloak)
rCorr    .         Harm     .   (gloves unavailable)
MR       .....                  (boots unavailable)
Stlth    +.........             (no amulet)
HPRegen  0.11/turn              (no ring)
MPRegen  0.10/turn              (no ring)

@: lethally poisoned (-2 -> -9), slowed, very slow
A: large, unfitting armour, tough skin 1
a: no special abilities


You were on level 2 of the Dungeon.
You were not hungry.

You visited 1 branch of the dungeon, and saw 2 of its levels.

You collected 54 gold pieces.

Inventory:

Hand Weapons
 f - a +0 mace of protection (weapon)
Armour
 a - a +0 robe (worn)
Jewellery
 g - an uncursed ring of see invisible {unknown}
Scrolls
 b - a scroll of teleportation {unknown}
 e - a scroll of identify {unknown}
 j - a scroll of random uselessness {unknown}
 k - 2 scrolls of enchant armour {unknown}
Potions
 h - a potion of mutation {unknown}
 i - a potion of might {unknown}
Comestibles
 c - 2 rations
 d - 4 chunks of flesh


   Skills:
 - Level 2.1 Fighting
 * Level 0.5 Maces & Flails
 - Level 1.7 Dodging
 - Level 1.4 Stealth
 + Level 2.9 Spellcasting
   Level 0.8 Conjurations
 + Level 3.0 Ice Magic


You had 6 spell levels left.
You knew the following spells:

 Your Spells              Type           Power        Failure   Level  Hunger
a - Freeze                Ice            ##..         5%          1    #......

Your spell library contained the following spells:

 Spells                   Type           Power        Failure   Level  Hunger
 Throw Frost              Conj/Ice       #.....       13%         2    ##.....
 Ozocubu's Armour         Chrm/Ice       #.......     30%         3    ###....
 Throw Icicle             Conj/Ice       #.......     63%         4    #####..
 Summon Ice Beast         Ice/Summ       #.......     69%         4    #####..


Dungeon Overview and Level Annotations

Branches:
Dungeon (2/15)

Altars:

Annotations:
D:2 Crazy Yiuf


Innate Abilities, Weirdness & Mutations

You are too large for most types of armour.
You have tough skin. (AC +1)


Message History

You are poisoned.
You are too injured to fight recklessly!
You are too injured to fight recklessly!
You are too injured to fight recklessly!
You hit Crazy Yiuf.
Your weapon exudes an aura of protection.
Crazy Yiuf is heavily wounded.
You feel sick.
Crazy Yiuf hits you with a +2 quarterstaff of chaos.
* * * LOW HITPOINT WARNING * * *
You feel yourself slow down.
Crazy Yiuf whimpers, "Peeping!
Leather sizzlefizz cloud."
Crazy Yiuf hits you with a +2 quarterstaff of chaos.
* * * LOW HITPOINT WARNING * * *
You barely miss Crazy Yiuf.
Crazy Yiuf is heavily wounded.
* * * LOW HITPOINT WARNING * * *
You feel sick.
Crazy Yiuf hits you with a +2 quarterstaff of chaos.
You die...

............
#.......... #.#.......
#.#.....# #.##....#
#.##....# #.##...###♣♣
### .........+.♣♣
♣♣#..)#
#.####......♣♣♣♣@g...#
#.# ##......♣..♣#...#
#.# ##.'..♣.♣♣♣ ###
#.# ###♣♣♣♣♣ #.#
#.###### ........+
#.####### ..#


You could see Crazy Yiuf.

Vanquished Creatures
  2 adders (D:2)
  3 giant cockroaches
  2 hobgoblins (D:1)
  A quokka (D:2)
  2 bats (D:1)
  2 goblins (D:1)
  3 rats
  2 toadstools (D:1)
17 creatures vanquished.

Vanquished Creatures (others)
  2 toadstools (D:1)
2 creatures vanquished.

Grand Total: 19 creatures vanquished

Notes
Turn   | Place    | Note
-------+----------+-------------------------------------------
     0 | D:1      | Murks the Ogre Ice Elementalist began the quest for the
                  | Orb.
     0 | D:1      | Reached XP level 1. HP: 16/16 MP: 3/3
   114 | D:1      | Reached skill level 1 in Fighting
   263 | D:1      | Reached XP level 2. HP: 27/27 MP: 2/5
   620 | D:2      | Reached skill level 3 in Ice Magic
   620 | D:2      | Reached XP level 3. HP: 35/35 MP: 7/7
   706 | D:2      | Found a runed translucent door.
   707 | D:2      | Noticed Crazy Yiuf
   742 | D:2      | Slain by Crazy Yiuf

Skill      XL: |  1  2 |
---------------+-------+-----
Fighting       | 1 2 |  2.1
Ice Magic      | 3 |  3.0
Maces & Flails | |  0.5
Dodging        | |  1.7
Stealth        | |  1.4
Spellcasting   | |  2.9
Conjurations   | |  0.8

Action                   || total
-------------------------++-------
Melee: Unarmed           ||     8
       Mace              ||    53
 Cast: Freeze            ||    14
 Stab: Sleeping          ||     1
Armor: Robe              ||    26
Dodge: Dodged            ||    43
